Connexion

SAN JOSE Sharks vs DALLAS Stars

Created - 20 août 2023 at 07:37

Goals
1 2 3 T
SAN JOSE Sharks 3 0 2 5
DALLAS Stars 1 0 2 3
Shots
1 2 3 T
SAN JOSE Sharks 17 17 9 43
DALLAS Stars 13 5 12 30

GoalsPenalties
1st period
1. DALLAS Stars , Dylan Cozens 3 (Sebastien Aho 6, Nick Leddy 3) at 7:11
2. SAN JOSE Sharks , Sean Couturier 2 (Tom Wilson 4, Rasmus Ristolainen 3) at 15:28 (PP)
3. SAN JOSE Sharks , Vincent Desharnais 1 (Mike Hoffman 4, Cody Ceci 2) at 17:28
4. SAN JOSE Sharks , Mike Hoffman 4 (Christian Jaros 4, Sean Couturier 3) at 19:18
Tom Wilson (S.J) for Tripping (Minor) at 10:55
Darnell Nurse (DAL) for Roughing (Minor) at 14:42
2nd period
No Goal
Tyler Bertuzzi (DAL) for Goalie Interference (Minor) at 10:36
Kevin Hayes (DAL) for Boarding (Minor) at 15:33
3rd period
5. DALLAS Stars , Kevin Hayes 5 (Ethan Bear 3, Tomas Hertl 6) at 5:59
6. DALLAS Stars , Tomas Hertl 2 (Ethan Bear 4, Mikhail Sergachev 5) at 11:14
7. SAN JOSE Sharks , Sean Couturier 3 (Mike Hoffman 5, Marcus Pettersson 8) at 11:30
8. SAN JOSE Sharks , Derek Stepan 3 (Marcus Pettersson 9, Zemgus Girgensons 8) at 15:36
Rasmus Ristolainen (S.J) for Tripping (Minor) at 1:01
Goalie Stats
Jake Oettinger (S.J), 27 saves from 30 shots - (0,900), W, 7-2-0, 60:00 minutes
Joonas Korpisalo (DAL), 38 saves from 43 shots - (0,884), L, 4-3-0, 60:00 minutes
3 StarsOfficial
1 - Sean Couturier (S.J)
2 - Mike Hoffman (S.J)
3 - Rasmus Ristolainen (S.J)
Referees : Bill McCreary and Kyle Rehman
Linesman : Brad Kovachik and Mark Shewchyk
Game Note
No Game Note
Finance
Level 1 -- Attendance: 5455 (90,92%) -- Ticket Income 681 875 $
Level 2 -- Attendance: 5321 (96,19%) -- Ticket Income 399 075 $
Level 3 -- Attendance: 1954 (97,70%) -- Ticket Income 101 608 $
Level 4 -- Attendance: 4000 (100,00%) -- Ticket Income 144 000 $
Luxury Box -- Attendance: 1000 (100,00%) -- Ticket Income 245 000 $
Game was played at the American Airlines Center.
Total Attendance: 17730 (95,67%)
Total Ticket Income: 1 571 558 $
Other Income: 314 312 $
Total Income: 1 885 870 $



Team Name Goals Shots Shots Attemp Shots Blocked PIM HIT PP PK FO%
SAN JOSE Sharks 5437794301 / 3 (33%)054%
DALLAS Stars 3306266100 / 2 (0%)146%

SAN JOSE Sharks
Player Name POS G A P +/- PIM HIT SHT SB MP PP MP PP SHT PK MP PK SHT FO% FOT
Brendan PerliniLW/RW000-100104:590:0000:000100% 1
Christian JarosD011-1011321:272:1502:1900% 0
Cody CeciD0110001013:270:0000:0000% 0
Connor BrownRW0000005011:400:0000:0000% 0
Derek StepanC/LW/RW1010003022:502:2011:06020% 5
Erik HaulaC/LW0000010011:400:0000:00071% 17
Josh AndersonRW000-103305:310:0000:3200% 0
Lucas RaymondLW0000002011:400:0000:0000% 0
Marcus PetterssonD0222012125:242:2921:5700% 0
Michael McLeodC000-100104:590:0000:00056% 9
Mike HoffmanC/LW1232004017:392:2410:00033% 3
Nathan BeaulieuD000-1061121:092:1512:0100% 0
Ondrej PalatLW0000041124:362:2002:5200% 1
Rasmus RistolainenD0112290224:252:2900:5900% 0
Sean Couturier C2132006017:392:2420:00053% 19
Tom WilsonRW0112227118:122:2410:3400% 1
Vincent DesharnaisD1010031014:070:0000:4000% 0
Zemgus GirgensonsC/LW/RW0110004024:362:2012:52055% 38
DALLAS Stars
Player Name POS G A P +/- PIM HIT SHT SB MP PP MP PP SHT PK MP PK SHT FO% FOT
Blake ComeauLW/RW000000104:270:0000:0000% 0
Darnell NurseD000-1232124:322:3611:3800% 0
Dylan CozensC101-2013025:512:3703:06038% 29
Ethan BearD0221000220:451:2202:2600% 0
Jason DemersD000-1010114:420:0000:4000% 0
Johan LarssonC/LW/RW000000005:120:0000:4500% 1
Kevin HayesC/LW/RW1012201018:191:2100:55050% 2
Mikhail SergachevD0111013020:451:2212:2600% 0
Morgan FrostC000001105:330:0001:06044% 9
Nick LeddyD011-1001025:132:3602:1800% 0
Reilly SmithLW/RW0002002018:181:2100:530100% 3
Sam ReinhartC/RW000-1002010:390:0000:0000% 1
Sebastien AhoC/LW/RW011-2003023:382:3700:53050% 6
Tanner JeannotLW/RW000-1001010:390:0000:0000% 1
Tomas HertlC/LW1122014017:251:2100:00057% 21
Tyler BertuzziLW/RW000-2211024:342:3701:50025% 8
Vladislav GavrikovD000-1010214:020:0000:0000% 0
William KarlssonC/LW000-1005010:390:0000:00054% 13



Play-by-Play

1st period


0:01 of 1st period - Zemgus Girgensons wins face-off versus Dylan Cozens in neutral zone.
0:14 of 1st period - Icing by Darnell Nurse.
0:15 of 1st period - Sean Couturier wins face-off versus Sebastien Aho in DALLAS Stars zone.
0:32 of 1st period - Shot by Nick Leddy.
0:32 of 1st period - Shot Blocked by Christian Jaros.
0:50 of 1st period - Shot by Darnell Nurse.
0:50 of 1st period - Shot Misses the Net.
0:53 of 1st period - Sebastien Aho is hit by Nathan Beaulieu and loses puck.
1:19 of 1st period - Reilly Smith is hit by Nathan Beaulieu and loses puck.
1:45 of 1st period - Kevin Hayes is hit by Nathan Beaulieu and loses puck.
2:32 of 1st period - Shot by Sam Reinhart.
2:32 of 1st period - Shot Blocked by Marcus Pettersson.
2:46 of 1st period - Shot by Derek Stepan.
2:46 of 1st period - Shot Misses the Net.
3:18 of 1st period - Shot by Lucas Raymond.
3:18 of 1st period - Shot Misses the Net.
3:22 of 1st period - Shot by Erik Haula.
3:22 of 1st period - Shot Misses the Net.
3:44 of 1st period - Shot by Brendan Perlini.
3:44 of 1st period - Stopped by Joonas Korpisalo without a rebound.
3:45 of 1st period - Michael McLeod wins face-off versus Dylan Cozens in DALLAS Stars zone.
3:59 of 1st period - Shot by Nick Leddy.
3:59 of 1st period - Stopped by Jake Oettinger without a rebound.
4:00 of 1st period - Morgan Frost wins face-off versus Derek Stepan in SAN JOSE Sharks zone.
4:22 of 1st period - Johan Larsson is hit by Rasmus Ristolainen.
4:28 of 1st period - Shot by Morgan Frost.
4:28 of 1st period - Stopped by Jake Oettinger with a rebound.
4:31 of 1st period - Icing by Ondrej Palat.
4:32 of 1st period - Sebastien Aho wins face-off versus Zemgus Girgensons in SAN JOSE Sharks zone.
4:59 of 1st period - Shot by Connor Brown.
4:59 of 1st period - Shot Misses the Net.
5:01 of 1st period - Shot by Connor Brown.
5:01 of 1st period - Stopped by Joonas Korpisalo without a rebound.
5:02 of 1st period - Tomas Hertl wins face-off versus Michael McLeod in DALLAS Stars zone.
5:11 of 1st period - Shot by Reilly Smith.
5:11 of 1st period - Stopped by Jake Oettinger without a rebound.
5:12 of 1st period - Erik Haula wins face-off versus Tomas Hertl in SAN JOSE Sharks zone.
5:31 of 1st period - Off-side.
5:32 of 1st period - Dylan Cozens wins face-off versus Derek Stepan in neutral zone.
5:56 of 1st period - Icing by Christian Jaros.
5:57 of 1st period - Zemgus Girgensons wins face-off versus Tomas Hertl in SAN JOSE Sharks zone.
6:36 of 1st period - Marcus Pettersson is hit by Tomas Hertl and loses puck.
6:43 of 1st period - Reilly Smith is hit by Tom Wilson.
6:53 of 1st period - Shot by Mike Hoffman.
6:53 of 1st period - Shot Misses the Net.
6:55 of 1st period - Shot by Tom Wilson.
6:55 of 1st period - Shot Misses the Net.
6:57 of 1st period - Shot by Sean Couturier .
6:57 of 1st period - Stopped by Joonas Korpisalo without a rebound.
6:58 of 1st period - Michael McLeod wins face-off versus Dylan Cozens in DALLAS Stars zone.
7:09 of 1st period - Shot by Sebastien Aho.
7:09 of 1st period - Stopped by Jake Oettinger with a rebound.
7:11 of 1st period - Shot by Dylan Cozens.
7:11 of 1st period - Goal by Dylan Cozens - SAN JOSE Sharks : 0 - DALLAS Stars : 1.
7:12 of 1st period - Erik Haula wins face-off versus Morgan Frost in neutral zone.
7:15 of 1st period - Shot by Lucas Raymond.
7:15 of 1st period - Stopped by Joonas Korpisalo without a rebound.
7:16 of 1st period - Erik Haula wins face-off versus Sebastien Aho in DALLAS Stars zone.
7:19 of 1st period - Shot by Lucas Raymond.
7:19 of 1st period - Stopped by Joonas Korpisalo with a rebound.
7:31 of 1st period - Shot by Connor Brown.
7:31 of 1st period - Stopped by Joonas Korpisalo without a rebound.
7:32 of 1st period - Morgan Frost wins face-off versus Zemgus Girgensons in DALLAS Stars zone.
7:58 of 1st period - Johan Larsson is hit by Vincent Desharnais and loses puck.
8:01 of 1st period - Shot by Blake Comeau.
8:01 of 1st period - Shot Misses the Net.
8:07 of 1st period - Shot by Morgan Frost.
8:07 of 1st period - Deflect By Blake Comeau.
8:07 of 1st period - Stopped by Jake Oettinger without a rebound.
8:08 of 1st period - Sean Couturier wins face-off versus Tyler Bertuzzi in SAN JOSE Sharks zone.
8:17 of 1st period - Shot by Sebastien Aho.
8:17 of 1st period - Stopped by Jake Oettinger without a rebound.
8:18 of 1st period - Michael McLeod wins face-off versus Dylan Cozens in SAN JOSE Sharks zone.
8:33 of 1st period - Shot by Darnell Nurse.
8:33 of 1st period - Stopped by Jake Oettinger without a rebound.
8:34 of 1st period - Reilly Smith wins face-off versus Tom Wilson in SAN JOSE Sharks zone.
8:49 of 1st period - Shot by Tom Wilson.
8:49 of 1st period - Stopped by Joonas Korpisalo without a rebound.
8:50 of 1st period - Erik Haula wins face-off versus Dylan Cozens in DALLAS Stars zone.
9:46 of 1st period - Shot by Ondrej Palat.
9:46 of 1st period - Stopped by Joonas Korpisalo without a rebound.
9:47 of 1st period - Zemgus Girgensons wins face-off versus Tomas Hertl in DALLAS Stars zone.
10:00 of 1st period - Shot by Zemgus Girgensons.
10:00 of 1st period - Shot Hit the Post.
10:05 of 1st period - Reilly Smith is hit by Ondrej Palat and loses puck.
10:13 of 1st period - Off-side.
10:14 of 1st period - Sean Couturier wins face-off versus William Karlsson in neutral zone.
10:31 of 1st period - Shot by Mike Hoffman.
10:31 of 1st period - Shot Misses the Net.
10:33 of 1st period - Shot by Tom Wilson.
10:33 of 1st period - Stopped by Joonas Korpisalo with a rebound.
10:35 of 1st period - Shot by Tom Wilson.
10:35 of 1st period - Stopped by Joonas Korpisalo with a rebound.
10:55 of 1st period - Minor Penalty to Tom Wilson for Tripping.
10:56 of 1st period - Dylan Cozens wins face-off versus Zemgus Girgensons in SAN JOSE Sharks zone.
10:59 of 1st period - Shot by Nick Leddy.
10:59 of 1st period - Shot Misses the Net.
11:01 of 1st period - Shot by Nick Leddy.
11:01 of 1st period - Shot Blocked by Rasmus Ristolainen.
11:03 of 1st period - Shot by Sebastien Aho.
11:03 of 1st period - Shot Blocked by Rasmus Ristolainen.
11:05 of 1st period - Shot by Darnell Nurse.
11:05 of 1st period - Stopped by Jake Oettinger without a rebound.
11:06 of 1st period - Dylan Cozens wins face-off versus Zemgus Girgensons in SAN JOSE Sharks zone.
11:31 of 1st period - Shot by Sebastien Aho.
11:31 of 1st period - Shot Misses the Net.
13:03 of 1st period - Shot by Tom Wilson.
13:03 of 1st period - Shot Blocked by Vladislav Gavrikov.
13:39 of 1st period - Johan Larsson is hit by Vincent Desharnais and loses puck.
14:33 of 1st period - Shot by Josh Anderson.
14:33 of 1st period - Stopped by Joonas Korpisalo without a rebound.
14:34 of 1st period - Erik Haula wins face-off versus Sam Reinhart in DALLAS Stars zone.
14:42 of 1st period - Minor Penalty to Darnell Nurse for Roughing.
14:43 of 1st period - Zemgus Girgensons wins face-off versus Tyler Bertuzzi in DALLAS Stars zone.
14:44 of 1st period - Shot by Derek Stepan.
14:44 of 1st period - Shot Misses the Net.
15:00 of 1st period - Shot by Zemgus Girgensons.
15:00 of 1st period - Shot Misses the Net.
15:02 of 1st period - Shot by Zemgus Girgensons.
15:02 of 1st period - Stopped by Joonas Korpisalo without a rebound.
15:03 of 1st period - Tyler Bertuzzi wins face-off versus Mike Hoffman in DALLAS Stars zone.
15:20 of 1st period - Shot by Rasmus Ristolainen.
15:20 of 1st period - Shot Blocked by Jason Demers.
15:23 of 1st period - Tom Wilson is hit by Jason Demers and loses puck.
15:28 of 1st period - Shot by Sean Couturier .
15:28 of 1st period - Goal by Sean Couturier - SAN JOSE Sharks : 1 - DALLAS Stars : 1.
15:29 of 1st period - Zemgus Girgensons wins face-off versus Tomas Hertl in neutral zone.
15:46 of 1st period - Reilly Smith is hit by Christian Jaros and loses puck.
16:21 of 1st period - Icing by Nathan Beaulieu.
16:22 of 1st period - Zemgus Girgensons wins face-off versus Sebastien Aho in SAN JOSE Sharks zone.
16:58 of 1st period - Shot by Dylan Cozens.
16:58 of 1st period - Stopped by Jake Oettinger without a rebound.
16:59 of 1st period - William Karlsson wins face-off versus Sean Couturier in SAN JOSE Sharks zone.
17:20 of 1st period - Shot by Tom Wilson.
17:20 of 1st period - Stopped by Joonas Korpisalo with a rebound.
17:22 of 1st period - Shot by Cody Ceci.
17:22 of 1st period - Shot Blocked by Vladislav Gavrikov.
17:24 of 1st period - Shot by Mike Hoffman.
17:24 of 1st period - Shot Misses the Net.
17:26 of 1st period - Shot by Mike Hoffman.
17:26 of 1st period - Shot Misses the Net.
17:28 of 1st period - Shot by Vincent Desharnais.
17:28 of 1st period - Goal by Vincent Desharnais - SAN JOSE Sharks : 2 - DALLAS Stars : 1.
17:29 of 1st period - Tomas Hertl wins face-off versus Erik Haula in neutral zone.
17:40 of 1st period - Shot by Tomas Hertl.
17:40 of 1st period - Stopped by Jake Oettinger with a rebound.
17:46 of 1st period - Shot by Reilly Smith.
17:46 of 1st period - Stopped by Jake Oettinger with a rebound.
17:48 of 1st period - Shot by Darnell Nurse.
17:48 of 1st period - Shot Misses the Net.
17:50 of 1st period - Shot by Tomas Hertl.
17:50 of 1st period - Stopped by Jake Oettinger without a rebound.
17:51 of 1st period - Zemgus Girgensons wins face-off versus Dylan Cozens in SAN JOSE Sharks zone.
17:57 of 1st period - Icing by Mikhail Sergachev.
17:58 of 1st period - Zemgus Girgensons wins face-off versus Dylan Cozens in DALLAS Stars zone.
18:07 of 1st period - Shot by Zemgus Girgensons.
18:07 of 1st period - Shot Misses the Net.
18:52 of 1st period - Shot by Mike Hoffman.
18:52 of 1st period - Shot Blocked by Ethan Bear.
18:54 of 1st period - Shot by Nathan Beaulieu.
18:54 of 1st period - Shot Misses the Net.
18:56 of 1st period - Shot by Tom Wilson.
18:56 of 1st period - Shot Misses the Net.
19:04 of 1st period - Shot by Mike Hoffman.
19:04 of 1st period - Shot Misses the Net.
19:12 of 1st period - Shot by Sean Couturier .
19:12 of 1st period - Shot Misses the Net.
19:14 of 1st period - Shot by Mike Hoffman.
19:14 of 1st period - Shot Blocked by Ethan Bear.
19:16 of 1st period - Shot by Christian Jaros.
19:16 of 1st period - Stopped by Joonas Korpisalo with a rebound.
19:18 of 1st period - Shot by Mike Hoffman.
19:18 of 1st period - Goal by Mike Hoffman - SAN JOSE Sharks : 3 - DALLAS Stars : 1.
19:19 of 1st period - Tomas Hertl wins face-off versus Erik Haula in neutral zone.
19:33 of 1st period - Icing by Vincent Desharnais.
19:34 of 1st period - William Karlsson wins face-off versus Erik Haula in SAN JOSE Sharks zone.
19:45 of 1st period - Shot by Sam Reinhart.
19:45 of 1st period - Shot Misses the Net.
19:47 of 1st period - Shot by Tanner Jeannot.
19:47 of 1st period - Shot Misses the Net.
19:55 of 1st period - Jason Demers is hit by Erik Haula and loses puck.
Goals for this period are 3 for SAN JOSE Sharks vs 1 for DALLAS Stars .
Shots for this period are 17 for SAN JOSE Sharks vs 13 for DALLAS Stars .

2nd period


0:01 of 2nd period - Zemgus Girgensons wins face-off versus Dylan Cozens in neutral zone.
0:06 of 2nd period - Shot by Zemgus Girgensons.
0:06 of 2nd period - Stopped by Joonas Korpisalo without a rebound.
0:07 of 2nd period - Zemgus Girgensons wins face-off versus Dylan Cozens in DALLAS Stars zone.
0:07 of 2nd period - Zemgus Girgensons is hit by Darnell Nurse.
0:16 of 2nd period - Derek Stepan is hit by Darnell Nurse.
1:30 of 2nd period - Tomas Hertl is hit by Nathan Beaulieu.
1:34 of 2nd period - Shot by Kevin Hayes.
1:34 of 2nd period - Shot Misses the Net.
1:36 of 2nd period - Shot by Tomas Hertl.
1:36 of 2nd period - Shot Blocked by Christian Jaros.
1:43 of 2nd period - Reilly Smith is hit by Nathan Beaulieu and loses puck.
2:01 of 2nd period - Icing by Nathan Beaulieu.
2:02 of 2nd period - William Karlsson wins face-off versus Sean Couturier in SAN JOSE Sharks zone.
2:17 of 2nd period - Shot by William Karlsson.
2:17 of 2nd period - Stopped by Jake Oettinger without a rebound.
2:18 of 2nd period - Zemgus Girgensons wins face-off versus Morgan Frost in SAN JOSE Sharks zone.
2:37 of 2nd period - Shot by Derek Stepan.
2:37 of 2nd period - Stopped by Joonas Korpisalo without a rebound.
2:38 of 2nd period - Dylan Cozens wins face-off versus Michael McLeod in DALLAS Stars zone.
2:57 of 2nd period - Shot by Sebastien Aho.
2:57 of 2nd period - Shot Misses the Net.
3:15 of 2nd period - Shot by Cody Ceci.
3:15 of 2nd period - Stopped by Joonas Korpisalo with a rebound.
3:17 of 2nd period - Shot by Josh Anderson.
3:17 of 2nd period - Stopped by Joonas Korpisalo without a rebound.
3:18 of 2nd period - Tomas Hertl wins face-off versus Zemgus Girgensons in DALLAS Stars zone.
4:15 of 2nd period - Ethan Bear is hit by Rasmus Ristolainen and loses puck.
4:28 of 2nd period - Shot by Mikhail Sergachev.
4:28 of 2nd period - Stopped by Jake Oettinger without a rebound.
4:29 of 2nd period - Erik Haula wins face-off versus Tyler Bertuzzi in SAN JOSE Sharks zone.
5:14 of 2nd period - Shot by Dylan Cozens.
5:14 of 2nd period - Shot Blocked by Christian Jaros.
6:19 of 2nd period - Tyler Bertuzzi is hit by Rasmus Ristolainen and loses puck.
6:30 of 2nd period - Shot by Brendan Perlini.
6:30 of 2nd period - Deflect By Michael McLeod.
6:30 of 2nd period - Stopped by Joonas Korpisalo without a rebound.
6:31 of 2nd period - Reilly Smith wins face-off versus Zemgus Girgensons in DALLAS Stars zone.
6:40 of 2nd period - Shot by Reilly Smith.
6:40 of 2nd period - Shot Misses the Net.
7:04 of 2nd period - Shot by Zemgus Girgensons.
7:04 of 2nd period - Shot Blocked by Darnell Nurse.
7:29 of 2nd period - Connor Brown is hit by Mikhail Sergachev and loses puck.
8:49 of 2nd period - Shot by Morgan Frost.
8:49 of 2nd period - Shot Misses the Net.
9:21 of 2nd period - Icing by Tomas Hertl.
9:22 of 2nd period - Tomas Hertl wins face-off versus Zemgus Girgensons in DALLAS Stars zone.
9:29 of 2nd period - Shot by Ondrej Palat.
9:29 of 2nd period - Shot Misses the Net.
9:37 of 2nd period - Shot by Tomas Hertl.
9:37 of 2nd period - Stopped by Jake Oettinger without a rebound.
9:38 of 2nd period - Mike Hoffman wins face-off versus William Karlsson in SAN JOSE Sharks zone.
9:48 of 2nd period - Shot by Tom Wilson.
9:48 of 2nd period - Stopped by Joonas Korpisalo without a rebound.
9:49 of 2nd period - Sebastien Aho wins face-off versus Zemgus Girgensons in DALLAS Stars zone.
9:53 of 2nd period - Jason Demers is hit by Rasmus Ristolainen and loses puck.
10:00 of 2nd period - Shot by Sebastien Aho.
10:00 of 2nd period - Stopped by Jake Oettinger without a rebound.
10:01 of 2nd period - Sean Couturier wins face-off versus William Karlsson in SAN JOSE Sharks zone.
10:28 of 2nd period - Shot by William Karlsson.
10:28 of 2nd period - Shot Misses the Net.
10:30 of 2nd period - Shot by William Karlsson.
10:30 of 2nd period - Stopped by Jake Oettinger without a rebound.
10:31 of 2nd period - Derek Stepan wins face-off versus Dylan Cozens in SAN JOSE Sharks zone.
10:31 of 2nd period - Derek Stepan is hit by Tyler Bertuzzi.
10:36 of 2nd period - Minor Penalty to Tyler Bertuzzi for Goalie Interference.
10:37 of 2nd period - Morgan Frost wins face-off versus Zemgus Girgensons in DALLAS Stars zone.
10:58 of 2nd period - Ondrej Palat is hit by Dylan Cozens and loses puck.
11:16 of 2nd period - Ethan Bear is hit by Ondrej Palat and loses puck.
11:37 of 2nd period - Shot by Sean Couturier .
11:37 of 2nd period - Stopped by Joonas Korpisalo without a rebound.
11:38 of 2nd period - Sean Couturier wins face-off versus Johan Larsson in DALLAS Stars zone.
11:45 of 2nd period - Shot by Sean Couturier .
11:45 of 2nd period - Shot Misses the Net.
11:47 of 2nd period - Shot by Tom Wilson.
11:47 of 2nd period - Deflect By Sean Couturier .
11:47 of 2nd period - Shot Misses the Net.
11:55 of 2nd period - Shot by Tom Wilson.
11:55 of 2nd period - Shot Misses the Net.
11:57 of 2nd period - Shot by Christian Jaros.
11:57 of 2nd period - Shot Misses the Net.
12:03 of 2nd period - Shot by Nathan Beaulieu.
12:03 of 2nd period - Stopped by Joonas Korpisalo with a rebound.
12:05 of 2nd period - Shot by Tom Wilson.
12:05 of 2nd period - Stopped by Joonas Korpisalo with a rebound.
12:07 of 2nd period - Shot by Christian Jaros.
12:07 of 2nd period - Shot Misses the Net.
12:32 of 2nd period - Shot by Marcus Pettersson.
12:32 of 2nd period - Stopped by Joonas Korpisalo without a rebound.
12:33 of 2nd period - Morgan Frost wins face-off versus Mike Hoffman in DALLAS Stars zone.
12:43 of 2nd period - Icing by William Karlsson.
12:44 of 2nd period - William Karlsson wins face-off versus Michael McLeod in DALLAS Stars zone.
12:44 of 2nd period - William Karlsson is hit by Josh Anderson.
12:49 of 2nd period - Vladislav Gavrikov is hit by Josh Anderson and loses puck.
13:27 of 2nd period - Vladislav Gavrikov is hit by Josh Anderson.
13:32 of 2nd period - Icing by Vladislav Gavrikov.
13:33 of 2nd period - William Karlsson wins face-off versus Zemgus Girgensons in DALLAS Stars zone.
13:46 of 2nd period - Shot by Zemgus Girgensons.
13:46 of 2nd period - Stopped by Joonas Korpisalo without a rebound.
13:47 of 2nd period - Dylan Cozens wins face-off versus Sean Couturier in DALLAS Stars zone.
13:47 of 2nd period - Dylan Cozens is hit by Tom Wilson.
13:53 of 2nd period - Shot by Mike Hoffman.
13:53 of 2nd period - Stopped by Joonas Korpisalo with a rebound.
14:10 of 2nd period - Icing by Christian Jaros.
14:11 of 2nd period - Tomas Hertl wins face-off versus Sean Couturier in SAN JOSE Sharks zone.
14:38 of 2nd period - Shot by Mike Hoffman.
14:38 of 2nd period - Stopped by Joonas Korpisalo without a rebound.
14:39 of 2nd period - Zemgus Girgensons wins face-off versus Dylan Cozens in DALLAS Stars zone.
15:33 of 2nd period - Minor Penalty to Kevin Hayes for Boarding.
15:34 of 2nd period - Sean Couturier wins face-off versus Tyler Bertuzzi in DALLAS Stars zone.
16:05 of 2nd period - Shot by Mike Hoffman.
16:05 of 2nd period - Stopped by Joonas Korpisalo with a rebound.
17:04 of 2nd period - Shot by Marcus Pettersson.
17:04 of 2nd period - Stopped by Joonas Korpisalo without a rebound.
17:05 of 2nd period - Zemgus Girgensons wins face-off versus Morgan Frost in DALLAS Stars zone.
17:06 of 2nd period - Shot by Derek Stepan.
17:06 of 2nd period - Stopped by Joonas Korpisalo without a rebound.
17:07 of 2nd period - Zemgus Girgensons wins face-off versus Tyler Bertuzzi in DALLAS Stars zone.
17:34 of 2nd period - Shot by Zemgus Girgensons.
17:34 of 2nd period - Stopped by Joonas Korpisalo without a rebound.
17:35 of 2nd period - Erik Haula wins face-off versus Morgan Frost in DALLAS Stars zone.
17:35 of 2nd period - Erik Haula is hit by Vladislav Gavrikov.
Goals for this period are 0 for SAN JOSE Sharks vs 0 for DALLAS Stars .
Shots for this period are 17 for SAN JOSE Sharks vs 5 for DALLAS Stars .

3rd period


0:01 of 3rd period - Dylan Cozens wins face-off versus Zemgus Girgensons in neutral zone.
0:09 of 3rd period - Off-side.
0:10 of 3rd period - Dylan Cozens wins face-off versus Zemgus Girgensons in neutral zone.
0:10 of 3rd period - Darnell Nurse is hit by Ondrej Palat and loses puck.
0:36 of 3rd period - Icing by Marcus Pettersson.
0:37 of 3rd period - Zemgus Girgensons wins face-off versus Tomas Hertl in SAN JOSE Sharks zone.
0:49 of 3rd period - Icing by Marcus Pettersson.
0:50 of 3rd period - Dylan Cozens wins face-off versus Zemgus Girgensons in SAN JOSE Sharks zone.
0:50 of 3rd period - Dylan Cozens is hit by Rasmus Ristolainen.
1:01 of 3rd period - Minor Penalty to Rasmus Ristolainen for Tripping.
1:02 of 3rd period - Zemgus Girgensons wins face-off versus Tomas Hertl in SAN JOSE Sharks zone.
1:08 of 3rd period - Icing by Reilly Smith.
1:09 of 3rd period - Reilly Smith wins face-off versus Zemgus Girgensons in DALLAS Stars zone.
1:42 of 3rd period - Shot by Darnell Nurse.
1:42 of 3rd period - Shot Misses the Net.
1:44 of 3rd period - Shot by Tomas Hertl.
1:44 of 3rd period - Shot Blocked by Ondrej Palat.
2:14 of 3rd period - Shot by Mikhail Sergachev.
2:14 of 3rd period - Shot Misses the Net.
2:16 of 3rd period - Shot by Mikhail Sergachev.
2:16 of 3rd period - Shot Misses the Net.
2:18 of 3rd period - Shot by Mikhail Sergachev.
2:18 of 3rd period - Shot Misses the Net.
2:20 of 3rd period - Shot by Tyler Bertuzzi.
2:20 of 3rd period - Shot Misses the Net.
2:22 of 3rd period - Shot by Sebastien Aho.
2:22 of 3rd period - Shot Hit the Post.
2:24 of 3rd period - Shot by Mikhail Sergachev.
2:24 of 3rd period - Stopped by Jake Oettinger without a rebound.
2:25 of 3rd period - Dylan Cozens wins face-off versus Zemgus Girgensons in SAN JOSE Sharks zone.
3:10 of 3rd period - Shot by William Karlsson.
3:10 of 3rd period - Stopped by Jake Oettinger without a rebound.
3:11 of 3rd period - Tomas Hertl wins face-off versus Sean Couturier in SAN JOSE Sharks zone.
3:36 of 3rd period - Shot by Sean Couturier .
3:36 of 3rd period - Stopped by Joonas Korpisalo without a rebound.
3:37 of 3rd period - Michael McLeod wins face-off versus William Karlsson in DALLAS Stars zone.
3:42 of 3rd period - Shot by Michael McLeod.
3:42 of 3rd period - Shot Misses the Net.
4:07 of 3rd period - Sam Reinhart is hit by Vincent Desharnais and loses puck.
4:11 of 3rd period - Icing by Cody Ceci.
4:12 of 3rd period - Michael McLeod wins face-off versus Dylan Cozens in SAN JOSE Sharks zone.
4:21 of 3rd period - Shot by Josh Anderson.
4:21 of 3rd period - Stopped by Joonas Korpisalo without a rebound.
4:22 of 3rd period - Zemgus Girgensons wins face-off versus Tyler Bertuzzi in DALLAS Stars zone.
4:43 of 3rd period - Shot by Sebastien Aho.
4:43 of 3rd period - Shot Misses the Net.
5:28 of 3rd period - Icing by Ethan Bear.
5:29 of 3rd period - Sean Couturier wins face-off versus Tomas Hertl in DALLAS Stars zone.
5:32 of 3rd period - Shot by Sean Couturier .
5:32 of 3rd period - Shot Misses the Net.
5:35 of 3rd period - Icing by Mikhail Sergachev.
5:36 of 3rd period - Tomas Hertl wins face-off versus Sean Couturier in DALLAS Stars zone.
5:38 of 3rd period - Icing by Kevin Hayes.
5:39 of 3rd period - Tomas Hertl wins face-off versus Sean Couturier in DALLAS Stars zone.
5:59 of 3rd period - Shot by Kevin Hayes.
5:59 of 3rd period - Goal by Kevin Hayes - SAN JOSE Sharks : 3 - DALLAS Stars : 2.
6:00 of 3rd period - Erik Haula wins face-off versus Dylan Cozens in neutral zone.
6:26 of 3rd period - Icing by Tyler Bertuzzi.
6:27 of 3rd period - Dylan Cozens wins face-off versus Zemgus Girgensons in DALLAS Stars zone.
6:27 of 3rd period - Sebastien Aho is hit by Ondrej Palat and loses puck.
6:52 of 3rd period - Zemgus Girgensons is hit by Darnell Nurse and loses puck.
8:14 of 3rd period - Shot by Sam Reinhart.
8:14 of 3rd period - Stopped by Jake Oettinger without a rebound.
8:15 of 3rd period - Erik Haula wins face-off versus Morgan Frost in SAN JOSE Sharks zone.
8:17 of 3rd period - Cody Ceci is hit by Morgan Frost and loses puck.
8:38 of 3rd period - Shot by Erik Haula.
8:38 of 3rd period - Shot Misses the Net.
8:40 of 3rd period - Shot by Connor Brown.
8:40 of 3rd period - Stopped by Joonas Korpisalo with a rebound.
8:42 of 3rd period - Shot by Connor Brown.
8:42 of 3rd period - Stopped by Joonas Korpisalo with a rebound.
8:44 of 3rd period - Shot by Connor Brown.
8:44 of 3rd period - Stopped by Joonas Korpisalo without a rebound.
8:45 of 3rd period - Zemgus Girgensons wins face-off versus Dylan Cozens in DALLAS Stars zone.
9:16 of 3rd period - Darnell Nurse is hit by Marcus Pettersson and loses puck.
9:26 of 3rd period - Dylan Cozens is hit by Rasmus Ristolainen and loses puck.
9:55 of 3rd period - Shot by Sean Couturier .
9:55 of 3rd period - Stopped by Joonas Korpisalo without a rebound.
9:56 of 3rd period - Erik Haula wins face-off versus William Karlsson in DALLAS Stars zone.
10:08 of 3rd period - Off-side.
10:09 of 3rd period - Sean Couturier wins face-off versus Tomas Hertl in neutral zone.
10:14 of 3rd period - Shot by Tom Wilson.
10:14 of 3rd period - Shot Misses the Net.
10:25 of 3rd period - Off-side.
10:26 of 3rd period - Erik Haula wins face-off versus Dylan Cozens in neutral zone.
10:34 of 3rd period - Off-side.
10:35 of 3rd period - Dylan Cozens wins face-off versus Sean Couturier in neutral zone.
10:46 of 3rd period - Shot by Dylan Cozens.
10:46 of 3rd period - Stopped by Jake Oettinger without a rebound.
10:47 of 3rd period - Kevin Hayes wins face-off versus Zemgus Girgensons in SAN JOSE Sharks zone.
10:54 of 3rd period - Shot by Mikhail Sergachev.
10:54 of 3rd period - Stopped by Jake Oettinger with a rebound.
11:14 of 3rd period - Shot by Tomas Hertl.
11:14 of 3rd period - Goal by Tomas Hertl - SAN JOSE Sharks : 3 - DALLAS Stars : 3.
11:15 of 3rd period - Sean Couturier wins face-off versus Dylan Cozens in neutral zone.
11:18 of 3rd period - Shot by Tom Wilson.
11:18 of 3rd period - Stopped by Joonas Korpisalo with a rebound.
11:28 of 3rd period - Shot by Mike Hoffman.
11:28 of 3rd period - Shot Misses the Net.
11:30 of 3rd period - Shot by Sean Couturier .
11:30 of 3rd period - Goal by Sean Couturier - SAN JOSE Sharks : 4 - DALLAS Stars : 3.
11:31 of 3rd period - Erik Haula wins face-off versus Tanner Jeannot in neutral zone.
12:15 of 3rd period - Shot by William Karlsson.
12:15 of 3rd period - Stopped by Jake Oettinger with a rebound.
12:17 of 3rd period - Shot by William Karlsson.
12:17 of 3rd period - Stopped by Jake Oettinger without a rebound.
12:18 of 3rd period - Sebastien Aho wins face-off versus Derek Stepan in SAN JOSE Sharks zone.
12:26 of 3rd period - Dylan Cozens is hit by Rasmus Ristolainen.
13:27 of 3rd period - Off-side.
13:28 of 3rd period - Tomas Hertl wins face-off versus Michael McLeod in neutral zone.
13:38 of 3rd period - Icing by Vincent Desharnais.
13:39 of 3rd period - Brendan Perlini wins face-off versus William Karlsson in SAN JOSE Sharks zone.
14:00 of 3rd period - Shot by Sam Reinhart.
14:00 of 3rd period - Stopped by Jake Oettinger without a rebound.
14:01 of 3rd period - Tomas Hertl wins face-off versus Derek Stepan in SAN JOSE Sharks zone.
14:01 of 3rd period - Kevin Hayes is hit by Rasmus Ristolainen and loses puck.
14:36 of 3rd period - Off-side.
14:37 of 3rd period - Sean Couturier wins face-off versus Dylan Cozens in neutral zone.
15:02 of 3rd period - Shot by Sebastien Aho.
15:02 of 3rd period - Shot Blocked by Nathan Beaulieu.
15:04 of 3rd period - Shot by Darnell Nurse.
15:04 of 3rd period - Deflect By Dylan Cozens.
15:04 of 3rd period - Shot Misses the Net.
15:29 of 3rd period - Icing by Darnell Nurse.
15:30 of 3rd period - Zemgus Girgensons wins face-off versus Dylan Cozens in DALLAS Stars zone.
15:36 of 3rd period - Shot by Derek Stepan.
15:36 of 3rd period - Goal by Derek Stepan - SAN JOSE Sharks : 5 - DALLAS Stars : 3.
15:37 of 3rd period - Zemgus Girgensons wins face-off versus Kevin Hayes in neutral zone.
16:44 of 3rd period - Off-side.
16:45 of 3rd period - Tyler Bertuzzi wins face-off versus Erik Haula in neutral zone.
17:44 of 3rd period - Icing by Connor Brown.
17:45 of 3rd period - William Karlsson wins face-off versus Erik Haula in SAN JOSE Sharks zone.
17:51 of 3rd period - Shot by William Karlsson.
17:51 of 3rd period - Shot Misses the Net.
17:59 of 3rd period - William Karlsson is hit by Nathan Beaulieu and loses puck.
18:04 of 3rd period - Shot by Tanner Jeannot.
18:04 of 3rd period - Stopped by Jake Oettinger without a rebound.
18:05 of 3rd period - Tomas Hertl wins face-off versus Ondrej Palat in SAN JOSE Sharks zone.
18:05 of 3rd period - Ethan Bear is hit by Rasmus Ristolainen and loses puck.
18:13 of 3rd period - Off-side.
18:14 of 3rd period - Zemgus Girgensons wins face-off versus Tomas Hertl in neutral zone.
19:25 of 3rd period - Shot by Tyler Bertuzzi.
19:25 of 3rd period - Stopped by Jake Oettinger without a rebound.
19:26 of 3rd period - William Karlsson wins face-off versus Sean Couturier in SAN JOSE Sharks zone.
19:31 of 3rd period - Shot by Sam Reinhart.
19:31 of 3rd period - Shot Blocked by Tom Wilson.
19:53 of 3rd period - Shot by Sam Reinhart.
19:53 of 3rd period - Shot Misses the Net.
19:55 of 3rd period - Shot by Tanner Jeannot.
19:55 of 3rd period - Shot Misses the Net.
Goals for this period are 2 for SAN JOSE Sharks vs 2 for DALLAS Stars .
Shots for this period are 9 for SAN JOSE Sharks vs 12 for DALLAS Stars .